 Dungeon Crawl Stone Soup version 0.23.1 (webtiles) character file.

Game seed: 0

4511 elfaar the Spear-Bearer (level 10, -3/89 HPs)
             Began as a Minotaur Berserker on Mar 5, 2019.
             Was a High Priest of Trog.
             Slain by a troll (14 damage)
             ... on level 9 of the Dungeon on Mar 6, 2019.
             The game lasted 00:51:29 (6050 turns).

elfaar the Spear-Bearer (Minotaur Berserker)        Turns: 6050, Time: 00:51:30

Health: -3/89      AC: 14    Str: 26    XL:     10   Next: 16%
Magic:  9/9        EV: 10    Int:  4    God:    Trog [*****.]
Gold:   625        SH:  0    Dex:  9    Spells: 9/9 levels left

rFire    + . .     SeeInvis .   H - +2 trident (pain)
rCold    + . .     Gourm    +   (no shield)
rNeg     . . .     Faith    .   B - +2 chain mail {rC+}
rPois    .         Spirit   .   (helmet unavailable)
rElec    .         Reflect  .   (no cloak)
rCorr    .         Harm     .   E - +0 pair of gloves
MR       ++...                  (no boots)
Stlth    ..........             x - amulet of the gourmand
HPRegen  0.24/turn              i - ring of protection from magic
MPRegen  0.11/turn              u - ring of protection from magic

@: berserk cooldown, slowed, lightly drained, very slow
A: retaliatory headbutt, horns 3, blurry vision 2, fire resistance 1, subdued
magic 1
a: Berserk, Trog's Hand, Brothers in Arms, Renounce Religion


You were on level 9 of the Dungeon.
You worshipped Trog.
Trog was extremely pleased with you.
You were very full.

You visited 3 branches of the dungeon, and saw 11 of its levels.

You collected 625 gold pieces.

Inventory:

Hand Weapons
 a - a +1 spear
 s - a +0 trident
 z - a +2 war axe of chopping
 H - a +2 trident of pain (weapon)
Missiles
 f - 6 javelins (quivered)
 o - 3 poisoned tomahawks
 q - 237 stones
 y - 13 tomahawks
 C - 46 sling bullets
Armour
 h - a +1 chain mail
 B - a +2 chain mail of cold resistance (worn)
 E - a +0 pair of gloves (worn)
Jewellery
 i - a ring of protection from magic (left hand)
 u - a ring of protection from magic (right hand)
 x - an amulet of the gourmand (around neck)
Wands
 j - a wand of acid (14)
 w - a wand of random effects (10)
 D - a wand of disintegration (15)
Scrolls
 e - 10 scrolls of teleportation
 l - 6 scrolls of blinking
 p - a scroll of immolation
 r - 3 scrolls of remove curse
Potions
 b - 5 potions of curing
 d - 3 potions of brilliance
 g - 3 potions of agility
 k - a potion of flight {unknown}
 m - a potion of degeneration {unknown}
 n - a potion of magic {unknown}
 t - 2 potions of haste
 v - 2 potions of heal wounds
 A - 2 potions of lignification
 G - a potion of cancellation {unknown}
Comestibles
 c - 21 rations
 F - 10 chunks of flesh


   Skills:
 + Level 8.3(7.7) Fighting
 + Level 11.7(11.0) Polearms
 + Level 3.8(3.3) Throwing
 + Level 9.5(8.8) Armour
 + Level 4.3(3.7) Dodging
 + Level 1.7(1.2) Stealth


You had 9 spell levels left.
You didn't know any spells.
Your spell library was empty.

Dungeon Overview and Level Annotations

Branches:
Dungeon (9/15)             Temple (1/1) D:5             Orc (1/2) D:9
   Lair: D:8-11

Altars:
Ashenzari
Cheibriados
Dithmenos
Elyvilon
Fedhas
Gozag
Hepliaklqana
Kikubaaqudgha
Nemelex Xobeh
Okawaru
Qazlal
Ru
Sif Muna
Trog
Uskayaw
Vehumet
Wu Jian
Xom
Yredelemnul
Zin
The Shining One

Shops:
D:5 =


Innate Abilities, Weirdness & Mutations

You reflexively headbutt those who attack you in melee.
You have a pair of large horns on your head.
Scrolls take you longer to read.
Your flesh is heat resistant. (rF+)
Your spells are a little easier to cast, but a little less powerful.


Message History

There is a staircase back to the Dungeon here.
The troll bites you.
* * * LOW HITPOINT WARNING * * *
The troll claws you.
* * * LOW HITPOINT WARNING * * *
The troll claws you but does no damage. The orc hits you with a +0 mace.
* * * LOW HITPOINT WARNING * * *
The troll barely misses you. The troll claws you!
* * * LOW HITPOINT WARNING * * *
The troll barely misses you.
You climb upwards.
Welcome back to the Dungeon!
There is a staircase to the Orcish Mines here.
Really read with blurry vision while enemies are nearby? [Y]es or [N]o only, please.
Really read with blurry vision while enemies are nearby?
The orc closely misses you. You furiously retaliate!
You headbutt the orc!
You kill the orc!
Trog accepts your kill. The troll bites you!
You die...

### #)##
#[.#
##[##
#.))#
#.8)#
##...#
+###'####
#...##
#.@.#
#T.)#
+###+


You could see a troll.

Vanquished Creatures
  A two-headed ogre (D:9)
  A human (D:7)
  4 hogs (D:7)
  Duvessa (D:5)
  A sky beast (D:7)
  9 orc warriors
  A phantom (D:4)
  2 ogres
  A big kobold (D:7)
  Dowan (D:5)
  A scorpion (D:5)
  5 killer bees (D:8)
  2 jellies
  A howler monkey (D:5)
  3 crimson imps
  A bullfrog zombie (D:8)
  2 hounds
  3 bullfrog skeletons
  14 orc wizards
  6 orc priests
  A centaur skeleton (D:8)
  An iguana (D:8)
  4 worker ants
  A killer bee zombie (D:8)
  3 hound zombies
  A worker ant zombie (D:8)
  4 gnolls (D:8)
  A howler monkey skeleton (D:8)
  10 adders
  2 shadow imps
  2 oozes
  An adder zombie (D:9)
  4 dart slugs
  3 leopard geckos
  44 orcs
  5 giant cockroaches
  5 goblins
  8 hobgoblins
  18 jackals
  3 quokkas
  3 ball pythons
  3 bats
  3 frilled lizards
  A jackal skeleton (D:4)
  12 kobolds
  6 rats
209 creatures vanquished.

Notes
Turn   | Place    | Note
-------+----------+-------------------------------------------
     0 | D:1      | elfaar the Minotaur Berserker began the quest for the Orb.
     0 | D:1      | Reached XP level 1. HP: 19/19 MP: 0/0
   218 | D:1      | Reached XP level 2. HP: 27/27 MP: 1/1
   342 | D:1      | Reached skill level 4 in Polearms
   962 | D:2      | Reached XP level 3. HP: 33/33 MP: 2/2
   992 | D:2      | Reached ** piety under Trog
  1505 | D:3      | Reached XP level 4. HP: 37/41 MP: 3/3
  1732 | D:3      | Reached skill level 5 in Fighting
  1805 | D:3      | Found a glowing golden altar of the Shining One.
  2375 | D:4      | Noticed a phantom
  2384 | D:4      | Reached skill level 5 in Polearms
  2384 | D:4      | Reached XP level 5. HP: 48/48 MP: 4/4
  2421 | D:4      | Killed a phantom
  2561 | D:4      | Reached *** piety under Trog
  2561 | D:4      | Reached XP level 6. HP: 50/56 MP: 5/5
  2638 | D:4      | Gained mutation: Your spells are a little easier to cast,
                  | but a little less powerful. [potion of mutation]
  2638 | D:4      | Gained mutation: You have a pair of large horns on your
                  | head. [potion of mutation]
  2638 | D:4      | Gained mutation: Scrolls take you a little longer to read.
                  | [potion of mutation]
  2638 | D:4      | Gained mutation: Your muscles are strong. (Str +2) [potion
                  | of mutation]
  2711 | D:4      | Reached skill level 6 in Polearms
  2724 | D:5      | Entered Level 5 of the Dungeon
  2724 | D:5      | Noticed Duvessa
  2724 | D:5      | Noticed Dowan
  2730 | D:5      | Killed Duvessa
  2740 | D:5      | Killed Dowan
  2740 | D:5      | Reached skill level 1 in Throwing
  2758 | D:5      | Found a staircase to the Ecumenical Temple.
  2787 | D:5      | Found a hide-covered altar of Uskayaw.
  2815 | Temple   | Entered the Ecumenical Temple
  3052 | D:5      | Reached XP level 7. HP: 55/61 MP: 6/6
  3069 | D:5      | Reached skill level 7 in Polearms
  3151 | D:5      | Found Ipha's Jewellery Emporium.
  3207 | D:5      | Found a shattered altar of Ashenzari.
  3229 | D:5      | Reached skill level 5 in Armour
  4205 | D:7      | Reached XP level 8. HP: 70/70 MP: 7/7
  4285 | D:7      | Reached skill level 8 in Polearms
  4376 | D:7      | Found a basalt altar of Yredelemnul.
  4505 | D:7      | Reached skill level 1 in Stealth
  4508 | D:7      | Reached **** piety under Trog
  4508 | D:7      | Reached skill level 9 in Polearms
  4684 | D:8      | Reached XP level 9. HP: 78/78 MP: 8/8
  4934 | D:8      | Reached skill level 10 in Polearms
  5069 | D:8      | Found a stormy altar of Qazlal.
  5076 | D:8      | Found a white marble altar of Elyvilon.
  5078 | D:8      | Found a deep blue altar of Sif Muna.
  5086 | D:8      | Found a snail-covered altar of Cheibriados.
  5088 | D:8      | Found a sparkling altar of Nemelex Xobeh.
  5491 | D:8      | Reached ***** piety under Trog
  5607 | D:9      | Found a sacrificial altar of Ru.
  5611 | D:9      | Noticed a two-headed ogre
  5617 | D:9      | Killed a two-headed ogre
  5617 | D:9      | Reached skill level 11 in Polearms
  5681 | D:9      | Lost mutation: Your spells are a little easier to cast, but
                  | a little less powerful. [potion of mutation]
  5681 | D:9      | Lost mutation: Your muscles are strong. (Str +2) [potion of
                  | mutation]
  5681 | D:9      | Gained mutation: Scrolls take you longer to read. [potion
                  | of mutation]
  5681 | D:9      | Gained mutation: Your spells are a little easier to cast,
                  | but a little less powerful. [potion of mutation]
  5681 | D:9      | Gained mutation: Your flesh is heat resistant. (rF+)
                  | [potion of mutation]
  5931 | D:9      | Reached XP level 10. HP: 88/88 MP: 9/9
  5963 | D:9      | Found a staircase to the Orcish Mines.
  5984 | Orc:1    | Entered Level 1 of the Orcish Mines
  6014 | Orc:1    | Received a gift from Trog
  6050 | D:9      | Slain by a troll

Skill      XL: |  1  2  3  4  5  6  7  8  9 10 |
---------------+-------------------------------+-----
Fighting       | 4 5 6 7 8 |  8.3
Polearms       | 4 5 6 7 9 11 | 11.7
Armour         | 3 4 6 7 9 |  9.5
Throwing       | 1 2 3 |  3.8
Dodging        | 3 4 |  4.3
Stealth        | 1 |  1.7

Action                   |  1- 3 |  4- 6 |  7- 9 | 10-12 || total
-------------------------+-------+-------+-------+-------++-------
Melee: Spear             |    75 |   143 |   320 |     6 ||   544
       Headbutt          |     8 |    21 |    69 |    10 ||   108
       Trident           |       |       |       |    39 ||    39
Throw: Javelin           |       |    10 |    12 |       ||    22
Invok: Berserk           |       |     2 |    11 |     1 ||    14
  Use: Scroll            |     8 |     3 |     8 |       ||    19
       Potion            |       |     1 |     1 |       ||     2
  Eat: Chunk             |     2 |    15 |    34 |     1 ||    52
Armor: Chain mail        |    17 |    64 |   121 |    12 ||   214
Dodge: Dodged            |    28 |    36 |    90 |    21 ||   175
